cohdb
Replays
Latest Replays
All Replays
Popular Replays
Top Player Replays
Match Explorer
How It Works
Community
CoH3 Stats
Reddit
Sign in to upload your games and track your stats! →
Sign in with Steam
ToiletGrant vs ToxicCoastal
Match 15707744
Overview
Messages
Build Orders
End
Construct Infanterie Kompanie
Selects Italian Coastal Battlegroup
Selects Coastal Reserves
Coastal Reserve
Coastal Reserve
MG 42 Machine Gun Team
Coastal Reserve
Selects Artillery Officer
Artillery Officer
Construct Luftwaffe Kompanie
Medical Station
Selects Coastal Wall
Jäger Squad
Luftwaffe Officer Quarters
Jäger Squad
Construct Panzer Kompanie
Selects Designate Defensive Line
Panzer IV Medium Tank
Panzer Officer Quarters
Side Skirts
Pioneer Squad
Construct Panzergrenadier Kompanie
Pak 40 Anti-tank Gun Team
Panzer IV Medium Tank
Panzer IV Medium Tank
Pioneer Squad
Selects Designated Artillery Overwatch
Selects Bulwark
Panzer IV Medium Tank
Designate Defensive Line
Pak 40 Anti-tank Gun Team
Pak 40 Anti-tank Gun Team
Sturmpanzer IV Brummbär
Panzer IV Medium Tank
Artillery Officer
ToxicGrenadier
Toiletguy
0
0
Comments
sign in to comment!
No comments posted yet!